 Dungeon Crawl Stone Soup version 0.31-a0-167-g1c394c0614 (webtiles) character file.

Game seed: 7775524995834005978

1306 qw the Skirmisher (level 8, -9/51 HPs)
             Began as a Gargoyle Hunter on June 14, 2023.
             Mangled by Duvessa
             ... wielding a +1 rapier of venom
              (10 damage)
             ... on level 5 of the Dungeon.
             The game lasted 00:01:49 (4496 turns).

qw the Skirmisher (Gargoyle Hunter)                 Turns: 4496, Time: 00:01:49

Health: -9/51      AC: 18    Str: 14    XL:     8   Next: 57%
Magic:  8/8        EV: 11    Int: 17    God:
Gold:   26         SH:  0    Dex: 15    Spells: 7/7 levels left

rFire   + . .        d - +1 orcbow
rCold   . . .        (shield currently unavailable)
rNeg    + . .        k - +3 ring mail
rPois   inf          (no helmet)
rElec   +            g - +2 cloak
rCorr   .            m - +0 pair of gloves
SInv    +            (no boots)
Will    .....        (no amulet)
Stlth   ++           l - ring of Eghosm {rF+ Int+6 SInv Stlth+}
HPRegen 0.28/turn    (no ring)
MPRegen 0.11/turn

%: no passive effects
@: no status effects
A: sickness immunity, AC +5, negative energy resistance 1, electricity
resistance, torment resistance 1, petrification resistance
a: no special abilities


You were on level 5 of the Dungeon.
You visited 2 branches of the dungeon, and saw 6 of its levels.

You collected 283 gold pieces.
You spent 257 gold pieces at shops.


Innate Abilities, Weirdness & Mutations

You are immune to sickness and miasma.
Your stone body is resilient. (AC +5)
You are immune to poison.
You resist negative energy. (rN+)
You are resistant to electric shocks. (rElec)
You are resistant to unholy torment.
You are immune to petrification.


   Skills:
 + Level 5.8 Fighting
 - Level 9.1 Ranged Weapons
 - Level 2.3 Armour
 - Level 2.4 Dodging
 - Level 1.1 Stealth


You had 7 spell levels left.
You didn't know any spells.
Your spell library was empty.

Inventory:

Hand Weapons
 d - a +1 orcbow (weapon)
Armour
 f - a +1 robe of cold resistance
 g - a +2 cloak (worn)
 k - a +3 ring mail (worn)
 m - a +0 pair of gloves (worn)
Jewellery
 a - a ring of ice
 l - the ring of Eghosm (left hand) {rF+ Int+6 SInv Stlth+}
   (You bought it in a shop on level 4 of the Dungeon)

   [ring of intelligence]

   Int:       It affects your intelligence (+6).
   rF:        It protects you from fire.
   SInv:      It lets you see invisible.
   Stlth:     It makes you more stealthy.
Scrolls
 c - a scroll of identify
Potions
 b - 2 potions of mutation
 e - a potion of resistance
 h - a potion of curing {unknown}
 i - a potion of enlightenment {unknown}
 n - a potion of might {unknown}

Dungeon Overview and Level Annotations

Branches:
Dungeon (5/15)             Temple (1/1) D:4

Altars:
Dithmenos
Elyvilon
Fedhas
Gozag
Kikubaaqudgha
Makhleb
Nemelex Xobeh
Qazlal
Ru
Trog
Uskayaw
Vehumet
Wu Jian
Xom
Yredelemnul
Zin
The Shining One

Shops:
D:4 =[*(*   D:5 [

Annotations:
D:5 Duvessa


Message History

Dowan says, "Stay away from my face!"
Dowan casts a spell.
Dowan blinks!
You shoot an arrow. The arrow barely misses Duvessa.
Duvessa hits you but does no damage.
You shoot an arrow. The arrow closely misses Duvessa.
Duvessa hits you but does no damage.
You shoot an arrow. The arrow closely misses Duvessa.
Duvessa closely misses you. Dowan completely misses you.
You shoot an arrow. The arrow closely misses Duvessa.
Duvessa hits you but does no damage. Dowan hits you but does no damage.
You shoot an arrow. The arrow hits Dowan!
Dowan is heavily wounded.
Duvessa hits you but does no damage. Dowan gestures at you while chanting.
The puff of flame misses you.
You shoot an arrow. The arrow barely misses Dowan.
Duvessa completely misses you. Dowan hits you but does no damage.
Duvessa completely misses you. Dowan closely misses you.
You shoot an arrow. The arrow closely misses Dowan.
Duvessa hits you but does no damage. Dowan hits you but does no damage.
You shoot an arrow. The arrow hits Dowan.
Dowan is severely wounded.
Duvessa gestures with her weapon.
Duvessa hits you but does no damage. Dowan barely misses you.
You shoot an arrow. The arrow hits Dowan.
Dowan is almost dead.
Duvessa misses you. Dowan hits you with a +0 dagger.
You shoot an arrow. The arrow hits Dowan!
You kill Dowan!
Duvessa screams, "No!
How DARE you!"
Duvessa goes berserk!
Duvessa hits you with a +1 rapier of venom! x2
You shoot an arrow. The arrow hits Duvessa!
Duvessa is lightly wounded.
Duvessa hits you with a +1 rapier of venom.
You shoot an arrow. The arrow hits Duvessa.
Duvessa is lightly wounded.
Duvessa hits you with a +1 rapier of venom! x2
You die...

...# ## ... #. ...
#. .. ####. .#
###...=#.####.#
#..>..e.......# ##
#@)# ...#+## ###
#..# # #......
#....#####..###...
.......
#.##..............
.......
#.########..###..!
..##### #.#
#######.### . #
####'###'##......#
#
#.............##.#
## #.............#
.# #.


You could see Duvessa (berserk).

Vanquished Creatures
  Grinder (D:4)
  Menkaure (D:4)
  A black bear (D:5)
  An ogre (D:5)
  2 centaurs (D:5)
  3 scorpions (D:4)
  Dowan (D:5)
  A howler monkey (D:5)
  2 jellies (D:5)
  2 orc priests
  A hound (D:5)
  2 iguanas
  3 orc wizards
  2 adders
  An ufetubus (D:5)
  A worm (D:2)
  A dart slug (D:1)
  11 orcs
  3 ball pythons
  15 endoplasms
  6 giant cockroaches
  8 goblins
  6 hobgoblins
  2 jackals (D:5)
  7 kobolds
  5 quokkas
  2 bats (D:2)
  3 frilled lizards
  4 rats
98 creatures vanquished.

Notes
Turn   | Place    | Note
-------+----------+-------------------------------------------
     0 | D:1      | qw the Gargoyle Hunter began the quest for the Orb.
     0 | D:1      | Reached XP level 1. HP: 12/12 MP: 1/1
     0 | D:1      | 0 ||| qw: Version: 0.2-a-29-g1fa15c8
     0 | D:1      | 0 ||| qw: Game counter: 5097
     0 | D:1      | 0 ||| qw: Always use a shield: true
     0 | D:1      | 0 ||| qw: God list: Okawaru
     0 | D:1      | 0 ||| qw: Allow faded altars: false
     0 | D:1      | 0 ||| qw: Do Orc after D:15 true
     0 | D:1      | 0 ||| qw: Do second Lair branch before Depths: true
     0 | D:1      | 0 ||| qw: Lair rune preference: random
     0 | D:1      | 0 ||| qw: Plans: Normal, Zot:1-4, Slime:5, God:TSO, Crypt,
                  | Tomb, Abyss, Pan, Hells, Win
     0 | D:1      | 0 ||| PLANNING D:1-11
   132 | D:1      | Reached XP level 2. HP: 17/17 MP: 2/2
   372 | D:1      | Reached XP level 3. HP: 21/21 MP: 3/3
   418 | D:1      | Reached skill level 5 in Ranged Weapons
   715 | D:1      | 715 ||| UPGRADING to +0 ring mail.
   725 | D:1      | 725 ||| DROPPING +0 leather armour.
   726 | D:1      | 726 ||| UPGRADING to +2 cloak.
   731 | D:1      | 731 ||| READING scroll labelled MYTANN LYSY.
   732 | D:1      | 732 ||| DRINKING 2 silvery potions.
   733 | D:1      | 733 ||| DROPPING scroll of butterflies.
   902 | D:2      | Reached skill level 1 in Armour
  1066 | D:2      | Found a hide-covered altar of Uskayaw.
  1272 | D:2      | Reached XP level 4. HP: 27/27 MP: 4/4
  1282 | D:2      | Reached skill level 3 in Fighting
  1674 | D:2      | 1674 ||| READING 2 scrolls labelled YVEARIT ZAERR.
  1675 | D:2      | 1675 ||| READING scroll labelled KETEKA XOUSHUS KAH.
  1680 | D:2      | 1680 ||| READING scroll labelled GUUH METZEGASY.
  1827 | D:3      | Found a faded altar of an unknown god.
  1938 | D:3      | Noticed a +0 spear
  1938 | D:3      | Noticed a +0 falchion
  1939 | D:3      | Noticed a +0 short sword
  1939 | D:3      | Noticed a +0 dagger
  1940 | D:3      | Noticed a +0 spear
  1940 | D:3      | Noticed a +0 short sword
  1940 | D:3      | Noticed a +0 falchion
  1940 | D:3      | Noticed a +0 dagger
  1944 | D:3      | Found a hide-covered altar of Uskayaw.
  2381 | D:3      | Reached XP level 5. HP: 32/32 MP: 5/5
  2581 | D:3      | 2581 ||| READING scroll labelled BONIUZUFOD.
  2582 | D:3      | 2582 ||| READING 2 scrolls of identify.
  2582 | D:3      | 2582 ||| IDENTIFYING smoky inky potion
  2639 | D:4      | Found Mith's Weapon Shoppe.
  2692 | D:4      | 2692 ||| UPGRADING to +3 ring mail.
  2702 | D:4      | 2702 ||| DROPPING +0 ring mail.
  2780 | D:4      | Found a radiant altar of Vehumet.
  2795 | D:4      | Noticed Menkaure
  2806 | D:4      | Killed Menkaure
  2807 | D:4      | Reached skill level 6 in Ranged Weapons
  2807 | D:4      | Reached XP level 6. HP: 13/37 MP: 6/6
  2936 | D:4      | Found Pun Kona's Assorted Antiques.
  2936 | D:4      | Noticed Grinder
  2967 | D:4      | Killed Grinder
  2968 | D:4      | Reached XP level 7. HP: 42/44 MP: 7/7
  2970 | D:4      | Reached skill level 7 in Ranged Weapons
  3032 | D:4      | 3032 ||| BUYING blue potion (17 gold).
  3032 | D:4      | Bought a blue potion for 17 gold pieces
  3032 | D:4      | 3032 ||| BUYING glittering copper ring (95 gold).
  3032 | D:4      | Bought a glittering copper ring for 95 gold pieces
  3032 | D:4      | Identified the ring of Eghosm {rF+ Int+6 SInv Stlth+} (You
                  | bought it in a shop on level 4 of the Dungeon)
  3032 | D:4      | 3032 ||| SHOPLISTING pair of runed gloves (142 gold, have
                  | 127).
  3032 | D:4      | 3032 ||| BUYING scroll of identify (38 gold).
  3032 | D:4      | Bought a scroll of identify for 38 gold pieces
  3052 | D:4      | Found Apsox's Jewellery Shoppe.
  3110 | D:4      | Found Harchine's Antique Armour Shoppe.
  3113 | D:4      | 3113 ||| SHOPLISTING +4 ring of protection (360 gold, have
                  | 106).
  3113 | D:4      | 3113 ||| SHOPLISTING +5 ring of evasion (360 gold, have
                  | 106).
  3113 | D:4      | 3113 ||| SHOPLISTING amulet of faith (400 gold, have 106).
  3113 | D:4      | 3113 ||| SHOPLISTING amulet of the acrobat (300 gold, have
                  | 106).
  3113 | D:4      | 3113 ||| SHOPLISTING ring "Fiblear" {rC- EV+5 Dex+3 Stlth+}
                  | (451 gold, have 106).
  3113 | D:4      | 3113 ||| SHOPLISTING ring of resist corrosion (200 gold,
                  | have 106).
  3135 | D:4      | HP: 11/44 [something (1)]
  3136 | D:4      | 3136 ||| DRINKING 3 potions of heal wounds.
  3141 | D:4      | HP: 11/44 [something (2)]
  3146 | D:4      | HP: 6/44 [something (1)]
  3155 | D:4      | HP: 5/44 [something (1)]
  3166 | D:4      | 3166 ||| DRINKING 2 potions of heal wounds.
  3255 | D:4      | 3255 ||| BUYING runed robe (85 gold).
  3255 | D:4      | Bought a runed robe for 85 gold pieces
  3255 | D:4      | 3255 ||| SHOPLISTING smoking scarf (230 gold, have 21).
  3255 | D:4      | 3255 ||| DROPPING +2 robe of willpower.
  3388 | D:4      | 3388 ||| UPGRADING to +0 pair of gloves.
  3447 | D:4      | Found Buacin's General Store.
  3455 | D:4      | 3455 ||| BUYING scroll of identify (22 gold).
  3455 | D:4      | Bought a scroll of identify for 22 gold pieces
  3455 | D:4      | 3455 ||| SHOPLISTING scroll of identify (22 gold, have 11).
  3455 | D:4      | 3455 ||| SHOPLISTING scroll of teleportation (33 gold, have
                  | 11).
  3467 | D:4      | Found a white marble altar of Elyvilon.
  3514 | D:4      | Found a staircase to the Ecumenical Temple.
  3515 | D:4      | 3515 ||| PLANNING TEMPLE
  3515 | D:4      | 3515 ||| UPGRADING to ring of Eghosm {rF+ Int+6 SInv
                  | Stlth+}.
  3516 | D:4      | 3516 ||| READING scroll labelled MUT ONICUY.
  3517 | D:4      | 3517 ||| READING 3 scrolls of identify.
  3517 | D:4      | 3517 ||| IDENTIFYING blue potion
  3518 | D:4      | 3518 ||| READING 2 scrolls of identify.
  3518 | D:4      | 3518 ||| IDENTIFYING murky yellow potion
  3519 | D:4      | 3519 ||| DROPPING potion of brilliance.
  3525 | Temple   | Entered the Ecumenical Temple
  3729 | Temple   | 3729 ||| PLANNING D:1-11
  3880 | D:5      | Entered Level 5 of the Dungeon
  3932 | D:5      | Reached skill level 8 in Ranged Weapons
  3932 | D:5      | Reached XP level 8. HP: 48/50 MP: 8/8
  3951 | D:5      | Found Biud's Antique Armour Shoppe.
  3963 | D:5      | 3963 ||| SHOPLISTING tattered robe (148 gold, have 15).
  3983 | D:5      | HP: 12/50 [orc wizard/puff of flame (2)]
  3984 | D:5      | 3984 ||| DRINKING potion of heal wounds.
  4019 | D:5      | 4019 ||| UPGRADING to +0 orcbow.
  4020 | D:5      | 4020 ||| DROPPING +1 shortbow.
  4255 | D:5      | Reached skill level 9 in Ranged Weapons
  4458 | D:5      | 4458 ||| READING scroll of enchant weapon.
  4458 | D:5      | 4458 ||| ENCHANTING +0 orcbow.
  4480 | D:5      | Noticed Duvessa
  4480 | D:5      | Noticed Dowan
  4494 | D:5      | Killed Dowan
  4496 | D:5      | HP: 1/51 [Duvessa/+1 rapier of venom (14)]
  4496 | D:5      | Mangled by Duvessa

Levels and vault maps discovered:
D:1:      sevenhm_arrival_forest_fort_large_4, layout_loops_cross, st_stairs_7,
          feat_on_display
D:2:      layout_loops_ring, basic_altar, serial_forest,
          infiniplex_forest_straight_2, infiniplex_forest_straight_2,
          infiniplex_forest_end_3, infiniplex_forest_end_3,
          infiniplex_forest_clump_C, infiniplex_forest_clump_medium,
          infiniplex_forest_corner_1, infiniplex_forest_clump_curved,
          st_stairs_11
D:3:      layout_loops_corners, nicolae_uskayaw_en_pointe,
          dreamdust_ecumenical_altar_angels_and_demons
D:4:      layout_basic, vehumet_crystals, elyvilon_altar_1,
          minmay_temple_entry_enclosed_plants, serial_shops,
          nicolae_shop_gibbet_a_chance, shop, shop, nicolae_shop_stone, shop,
          uniq_menkaure, uniq_grinder
D:5:      layout_basic, serial_shops, shop, minmay_misc_feat_doors, uniq_duvessa
Temple:   eino_temple_water

Skill      XL: |  1  2  3  4  5  6  7  8 |
---------------+-------------------------+-----
Ranged Weapons | 5 6 8 9 |  9.1
Armour         | 1 2 |  2.3
Fighting       | 3 5 |  5.8
Dodging        | 2 |  2.4
Stealth        | |  1.1

Action                     |  1- 3 |  4- 6 |  7- 9 || total
---------------------------+-------+-------+-------++-------
   Fire: Shortbow          |   121 |   129 |   140 ||   390
         Orcbow            |       |       |    50 ||    50
    Use: Scroll            |     1 |     5 |     4 ||    10
         Potion            |     1 |       |     3 ||     4
 Armour: Leather armour    |     6 |       |       ||     6
         Ring mail         |    23 |    35 |   131 ||   189
         Skin              |       |    19 |     2 ||    21
  Dodge: Dodged            |    30 |    42 |    59 ||   131

Table legend:
 A = Non-vault XP
 B = Vault XP
 C = Vault XP percentage of total XP
 D = Non-vault monster count
 E = Vault monster count
 F = Vault count percentage of total count
                 A         B        C        D         E       F
            +---------+---------+-------+---------+---------+-------
      Total |    1342 |     525 |  28.1 |      92 |       6 |   6.1
            +---------+---------+-------+---------+---------+-------
        D:1 |      46 |       2 |   4.2 |      24 |       1 |   4.0
        D:2 |      35 |       4 |  10.3 |      19 |       2 |   9.5
        D:3 |      80 |       0 |   0.0 |      13 |       0 |   0.0
        D:4 |     445 |     452 |  50.4 |      21 |       2 |   8.7
        D:5 |     736 |      67 |   8.3 |      15 |       1 |   6.2
            +---------+---------+-------+---------+---------+-------
